[Event "18th Charleroi Open-A 2019"]
[Site "Charleroi"]
[Date "2019.07.29"]
[Round "4.2"]
[White "Lugovskoy, Maxim"]
[Black "Maerevoet, Sim"]
[Result "1/2-1/2"]
[ECO "B51"]
[WhiteElo "2425"]
[BlackElo "2321"]
[Annotator "NA"]
[PlyCount "65"]
[EventDate "2019.07.22"]
[EventType "swiss"]
[EventCountry "BEL"]
[SourceTitle "playchess.com"]
[Source "ChessBase"]
[SourceQuality "1"]
[TimeControl "40/5400+30:1800+30"]

1. e4 c5 2. Nf3 d6 3. Bb5+ Nd7 4. d4 cxd4 5. Qxd4 a6 6. Bxd7+ Bxd7 7. c4 e5 8. Qd3 Rc8 9. Nc3 Qc7 10. b3 b5 11. Nd5 Qc5 12. Nd2 Ne7 13. O-O Nxd5 14. exd5 Be7 15. Ne4 bxc4 16. Qg3 Qxd5 17. Qxg7 Rf8 18. Qxh7 Bc6 19. Re1 f5 20. bxc4 Qxc4 21. Ng3 f4 22. Nf5 Qf7 23. Ng7+ Kd8 24. Bd2 Rg8 25. Ba5+ Rc7 26. Bxc7+ Kxc7 27. Rac1 Qxg7 28. Rxc6+ Kxc6 29. Rc1+ Kd5 30. Qh3 e4 31. Qf5+ Qe5 32. Qd7 Qg5 33. g3 1/2-1/2

[Event "18th Charleroi Open-A 2019"]
[Site "Charleroi"]
[Date "2019.07.29"]
[Round "4.3"]
[White "Gurevich, Mikhail"]
[Black "Hoffmeister, Frank"]
[Result "1-0"]
[ECO "D45"]
[WhiteElo "2587"]
[BlackElo "2187"]
[Annotator "RC"]
[PlyCount "95"]
[EventDate "2019.07.22"]
[EventType "swiss"]
[EventCountry "BEL"]
[TimeControl "40/5400+30:1800+30"]

1. c4 c6 2. Nf3 d5 3. e3 Nf6 4. Nc3 e6 5. Qc2 Nbd7 6. b3 Bd6 7. Bb2 a6 8. d4 O-O 9. Be2 b5 10. O-O Bb7 11. e4 b4 12. e5 bxc3 13. Bxc3 Be7 14. exf6 Nxf6 15. Rad1 Ne4 16. Bb2 c5 17. dxc5 Bxc5 18. Bd3 Qe7 19. cxd5 exd5 20. Qc1 f5 21. Bd4 Bb4 22. Qa1 Rac8 23. Rc1 Ba3 24. Rxc8 Rxc8 25. Qe1 Qb4 26. Qe3 Re8 27. Ba1 Qc5 28. Nd4 Qf8 29. Qf4 g6 30. f3 Bd6 31. Qh4 Be7 32. Qe1 Bb4 33. Qh4 Be7 34. Qh3 Ng5 35. Qg3 f4 36. Qf2 Bc5 37. Kh1 Re3 38. Qd2 Bb4 39. Qd1 Qe7 40. Nc2 Re6 41. Nxb4 Qxb4 42. Qc1 Qf8 43. Qc3 Nf7 44. Qd4 Re3 45. Rd1 Ne5 46. Bf1 a5 47. Qb6 Qb4 48. Qc7 1-0

[Event "18th Charleroi Open-A 2019"]
[Site "Charleroi"]
[Date "2019.07.29"]
[Round "4.4"]
[White "Verheyen, Olivier"]
[Black "Gijsen, Stief"]
[Result "1/2-1/2"]
[ECO "C45"]
[WhiteElo "2200"]
[BlackElo "2227"]
[Annotator "NA"]
[PlyCount "66"]
[EventDate "2019.07.22"]
[EventType "swiss"]
[EventCountry "BEL"]
[SourceTitle "playchess.com"]
[Source "ChessBase"]
[SourceQuality "1"]
[TimeControl "40/5400+30:1800+30"]

1. e4 e5 2. Nf3 Nc6 3. d4 exd4 4. Nxd4 Nf6 5. Nxc6 bxc6 6. e5 Qe7 7. Qe2 Nd5 8. c4 Nb6 9. Nc3 Ba6 10. b3 O-O-O 11. Bb2 Re8 12. O-O-O Qg5+ 13. Kb1 f6 14. Qc2 fxe5 15. c5 Bxf1 16. cxb6 axb6 17. Rhxf1 Qxg2 18. Rg1 Qxh2 19. Qf5 Re6 20. Ne4 Qf4 21. Qxf4 exf4 22. f3 Rg6 23. Rxg6 hxg6 24. Rg1 d5 25. Ng5 Bc5 26. Rg2 Rh1+ 27. Kc2 Be3 28. Ne6 Rf1 29. Rxg6 Rxf3 30. Rxg7 Rf2+ 31. Kb1 Rf1+ 32. Kc2 Rf2+ 33. Kb1 Rf1+ 1/2-1/2

[Event "18th Charleroi Open-A 2019"]
[Site "Charleroi"]
[Date "2019.07.29"]
[Round "4.5"]
[White "De Waele, Warre"]
[Black "Godry, Clement"]
[Result "1-0"]
[ECO "E05"]
[WhiteElo "2225"]
[BlackElo "1962"]
[Annotator "NA"]
[PlyCount "69"]
[EventDate "2019.07.22"]
[EventType "swiss"]
[EventCountry "BEL"]
[SourceTitle "playchess.com"]
[Source "ChessBase"]
[SourceQuality "1"]
[TimeControl "40/5400+30:1800+30"]

1. d4 Nf6 2. c4 e6 3. Nf3 d5 4. g3 Be7 5. Bg2 dxc4 6. O-O O-O 7. Qc2 b5 8. a4 b4 9. Nfd2 Nd5 10. Nxc4 a5 11. Nbd2 Nd7 12. Nb3 c6 13. e4 N5f6 14. Rd1 Bb7 15. Bf4 Nh5 16. Be3 Qc7 17. Bf3 Nhf6 18. Bf4 Qd8 19. Nc5 Ba6 20. Nxa6 Rxa6 21. Be2 Qa8 22. Ne5 Rb6 23. Bc4 Rc8 24. Bg5 Nf8 25. Rac1 h6 26. Be3 Rb7 27. Bb5 cxb5 28. Qxc8 Qxc8 29. Rxc8 Nxe4 30. axb5 Nd6 31. Ra8 Rxb5 32. Nc6 Bf6 33. Bf4 Rd5 34. Be5 Bxe5 35. Ne7+ 1-0

[Event "18th Charleroi Open-A 2019"]
[Site "Charleroi"]
[Date "2019.07.29"]
[Round "4.6"]
[White "Huynh, Laurent"]
[Black "Abdullayev, Elshad"]
[Result "0-1"]
[ECO "A36"]
[WhiteElo "2111"]
[BlackElo "2204"]
[Annotator "NA"]
[PlyCount "62"]
[EventDate "2019.07.22"]
[EventType "swiss"]
[EventCountry "BEL"]
[SourceTitle "playchess.com"]
[Source "ChessBase"]
[SourceQuality "1"]
[TimeControl "40/5400+30:1800+30"]

1. e4 c5 2. c4 Nc6 3. Nc3 g6 4. g3 Bg7 5. Bg2 d6 6. Nge2 h5 7. h3 Bd7 8. a3 Qc8 9. d3 Nd4 10. Rb1 Rb8 11. Nxd4 cxd4 12. Ne2 b5 13. b3 bxc4 14. dxc4 e5 15. Qd3 f5 16. f3 Nf6 17. Bg5 Nh7 18. Bd2 O-O 19. Ng1 Nf6 20. Bg5 Qa6 21. b4 Rbc8 22. Rc1 Be6 23. Bf1 Qb7 24. Bxf6 Bxf6 25. h4 d5 26. exd5 Bxd5 27. c5 e4 28. Qa6 Qc7 29. f4 d3 30. Rh2 Qg7 31. Qa4 Bb2 0-1

[Event "18th Charleroi Open-A 2019"]
[Site "Charleroi"]
[Date "2019.07.29"]
[Round "4.7"]
[White "Manafov, Vugar"]
[Black "Miezis, Normunds"]
[Result "0-1"]
[ECO "B25"]
[WhiteElo "2175"]
[BlackElo "2495"]
[Annotator "RC"]
[PlyCount "112"]
[EventDate "2019.07.22"]
[EventType "swiss"]
[EventCountry "BEL"]
[TimeControl "40/5400+30:1800+30"]

1. Nf3 c5 2. g3 Nc6 3. Bg2 g6 4. O-O Bg7 5. e4 e5 6. d3 Nge7 7. Nh4 O-O 8. f4 exf4 9. gxf4 f5 10. Nc3 d6 11. Be3 Nd4 12. Qd2 Rb8 13. Nf3 b5 14. Rae1 b4 15. Nd1 Ne6 16. Ng5 Nxg5 17. fxg5 Ba6 18. Rf2 Qd7 19. Bf4 Bb7 20. c3 bxc3 21. bxc3 Rbd8 22. Ne3 fxe4 23. dxe4 Qe6 24. Nd5 Kh8 25. Re3 Bxd5 26. exd5 Qd7 27. Re6 Nf5 28. Bh3 Qa4 29. Bxf5 Rxf5 30. Bxd6 Qg4+ 31. Bg3 Rf4 32. Rf3 Rxf3 33. Qe2 Rf2 34. Qxf2 Bxc3 35. Qf7 Bd4+ 36. Kg2 Qxg5 37. Re8+ Rxe8 38. Qxe8+ Kg7 39. Qd7+ Kh6 40. Qh3+ Kg7 41. Qd7+ Kh6 42. Qh3+ Qh5 43. Bf4+ g5 44. Qe6+ Qg6 45. Qh3+ Kg7 46. Qd7+ Qf7 47. Qxf7+ Kxf7 48. Bxg5 Kg6 49. Bf4 Kf5 50. Kf3 Be5 51. Bh6 Bxh2 52. Bf8 Bg1 53. d6 Ke6 54. Ke4 a6 55. a4 h5 56. Be7 Bh2 {[%emt 0:04:15] Kd4} 0-1

[Event "18th Charleroi Open-A 2019"]
[Site "Charleroi"]
[Date "2019.07.29"]
[Round "4.8"]
[White "Capone, Nicola"]
[Black "De Villers, Mourad"]
[Result "1/2-1/2"]
[ECO "B72"]
[WhiteElo "2297"]
[BlackElo "2140"]
[Annotator "NA"]
[PlyCount "82"]
[EventDate "2019.07.22"]
[EventType "swiss"]
[EventCountry "BEL"]
[SourceTitle "playchess.com"]
[Source "ChessBase"]
[SourceQuality "1"]
[TimeControl "40/5400+30:1800+30"]

1. e4 c5 2. Nc3 Nc6 3. Nf3 g6 4. d4 cxd4 5. Nxd4 Bg7 6. Be3 Nf6 7. Bc4 O-O 8. Bb3 d6 9. h3 Na5 10. O-O Bd7 11. Re1 a6 12. Bg5 Bc6 13. Qd3 Re8 14. Rad1 Nxb3 15. axb3 Qa5 16. Bxf6 Bxf6 17. Nxc6 bxc6 18. Ra1 Qb6 19. Ra4 Ra7 20. Rea1 Rea8 21. Ra5 Bd4 22. Nd1 e6 23. R5a4 Be5 24. Qe2 Bg7 25. R1a2 h5 26. Qe3 Qc7 27. Qf4 Be5 28. Qd2 d5 29. Nc3 Qe7 30. exd5 exd5 31. Ra1 Qf6 32. Qd3 Kg7 33. g3 a5 34. Kg2 Re7 35. Rxa5 Rae8 36. Ra8 Rxa8 37. Rxa8 h4 38. Qf3 hxg3 39. fxg3 Qxf3+ 40. Kxf3 Bd4 41. Nd1 Re1 {[%emt 0:31:22] Ke4} 1/2-1/2

[Event "18th Charleroi Open-A 2019"]
[Site "Charleroi"]
[Date "2019.07.29"]
[Round "4.9"]
[White "Anciaux, Marc"]
[Black "Klinova, Masha"]
[Result "1/2-1/2"]
[ECO "B08"]
[WhiteElo "2120"]
[BlackElo "2269"]
[Annotator "NA"]
[PlyCount "124"]
[EventDate "2019.07.22"]
[EventType "swiss"]
[EventCountry "BEL"]
[SourceTitle "playchess.com"]
[Source "ChessBase"]
[SourceQuality "1"]
[TimeControl "40/5400+30:1800+30"]

1. e4 d6 2. d4 Nf6 3. Nc3 g6 4. Nf3 Bg7 5. Be2 O-O 6. O-O Nc6 7. d5 Nb8 8. Be3 c6 9. h3 b6 10. dxc6 Nxc6 11. Nd4 Bb7 12. f4 Qc7 13. Nxc6 Bxc6 14. Bf3 Rac8 15. Rf2 Qb7 16. Qd3 Nd7 17. Bd4 e5 18. Be3 Nc5 19. Bxc5 bxc5 20. f5 Qxb2 21. Rb1 Qa3 22. Nd5 Qxd3 23. Ne7+ Kh8 24. cxd3 Rc7 25. Nxc6 Rxc6 26. Rb7 c4 27. dxc4 Rxc4 28. Rd2 gxf5 29. Rxd6 fxe4 30. Bh5 e3 31. Kf1 Rc2 32. Rdd7 Rxa2 33. Rxa7 Rxa7 34. Rxa7 f5 35. Ke2 f4 36. Bf3 Rd8 37. Ra8 Bf6 38. Rxd8+ Bxd8 39. Be4 Kg7 40. Kf3 h6 41. Ke2 Kf6 42. Kf3 Ke6 43. Ke2 Kd6 44. Kd3 Kc5 45. Bf3 Kb4 46. Be2 Bc7 47. Bf3 Kb3 48. Be2 Kb2 49. Bf3 Kc1 50. Be2 Bb8 51. Bf3 e4+ 52. Bxe4 Kd1 53. Bf3+ Ke1 54. h4 Kf2 55. h5 Bc7 56. Bg4 Kxg2 57. Ke2 Kg3 58. Bf3 Bb8 59. Be4 Kg4 60. Bf3+ Kh4 61. Kf1 Kg3 62. Ke2 Kh4 1/2-1/2

[Event "18th Charleroi Open-A 2019"]
[Site "Charleroi"]
[Date "2019.07.29"]
[Round "4.11"]
[White "Vernimmen, Pierre"]
[Black "Van Malder, Dries"]
[Result "1/2-1/2"]
[ECO "E11"]
[WhiteElo "1911"]
[BlackElo "2178"]
[Annotator "NA"]
[PlyCount "96"]
[EventDate "2019.07.22"]
[EventType "swiss"]
[EventCountry "BEL"]
[SourceTitle "playchess.com"]
[Source "ChessBase"]
[SourceQuality "1"]
[TimeControl "40/5400+30:1800+30"]

1. d4 Nf6 2. c4 e6 3. g3 Bb4+ 4. Bd2 Qe7 5. Bg2 Nc6 6. Nf3 Bxd2+ 7. Nbxd2 d6 8. O-O O-O 9. e4 e5 10. d5 Nb8 11. Ne1 a5 12. Nd3 Na6 13. f4 Nd7 14. f5 f6 15. a3 Ndc5 16. Nxc5 Nxc5 17. b4 axb4 18. axb4 Ra5 19. Ra2 Rxa2 20. Qb1 Ra1 21. Qxa1 Na6 22. Qc3 c5 23. bxc5 Nxc5 24. Qa5 Bd7 25. Rb1 Qd8 26. Qxd8 Rxd8 27. Rb6 Bc8 28. Nb3 Nxb3 29. Rxb3 Kf7 30. Bf3 Rd7 31. Bd1 Rc7 32. Rb4 Rc5 33. Ba4 Ra5 34. Kf2 Ke7 35. Ke3 Kd8 36. Kd3 Kc7 37. Kc3 b6 38. Bc6 Bb7 39. Ba4 Ra8 40. Kd3 Bc8 41. Bc6 Bb7 42. Ba4 Bc8 43. Bc6 Ra5 44. Ba4 Ra6 45. Kc3 Ra8 46. Bc6 Bb7 47. Ba4 Ra5 48. Kd3 Ra8 1/2-1/2

[Event "18th Charleroi Open-A 2019"]
[Site "Charleroi"]
[Date "2019.07.29"]
[Round "4.12"]
[White "Van Mechelen, Jan"]
[Black "Ghyselen, Wouter"]
[Result "1/2-1/2"]
[ECO "C26"]
[WhiteElo "2218"]
[BlackElo "2078"]
[Annotator "NA"]
[PlyCount "41"]
[EventDate "2019.07.22"]
[EventType "swiss"]
[EventCountry "BEL"]
[SourceTitle "playchess.com"]
[Source "ChessBase"]
[SourceQuality "1"]
[TimeControl "40/5400+30:1800+30"]

1. e4 d6 2. Nc3 Nf6 3. g3 e5 4. Bg2 c6 5. Nge2 Be7 6. O-O O-O 7. a4 a5 8. h3 Na6 9. d4 Nb4 10. Be3 exd4 11. Nxd4 d5 12. exd5 Nfxd5 13. Nxd5 Nxd5 14. Bd2 Bf6 15. c3 Bxd4 16. cxd4 Qb6 17. Bc3 Be6 18. Re1 Rfd8 19. Qh5 Rd7 20. Bxd5 Rxd5 21. Re5 1/2-1/2

[Event "18th Charleroi Open-A 2019"]
[Site "Charleroi"]
[Date "2019.07.29"]
[Round "4.13"]
[White "Decrop, Benjamin"]
[Black "Boucquet, Emile"]
[Result "1/2-1/2"]
[ECO "B90"]
[WhiteElo "2183"]
[BlackElo "2064"]
[Annotator "NA"]
[PlyCount "66"]
[EventDate "2019.07.22"]
[EventType "swiss"]
[EventCountry "BEL"]
[SourceTitle "playchess.com"]
[Source "ChessBase"]
[SourceQuality "1"]
[TimeControl "40/5400+30:1800+30"]

1. e4 c5 2. Nf3 d6 3. d4 Nf6 4. Nc3 cxd4 5. Nxd4 a6 6. Be3 e5 7. Nf3 Qc7 8. a4 h6 9. a5 Be6 10. Be2 Qc6 11. Nd2 Nbd7 12. O-O Be7 13. Bf3 O-O 14. Nb3 Rac8 15. Re1 Rfe8 16. Re2 Qc7 17. Rd2 b5 18. axb6 Nxb6 19. Bxb6 Qxb6 20. Nd5 Nxd5 21. exd5 Bd7 22. Be2 Bg5 23. Rxa6 Qb7 24. Rxd6 Bxd2 25. Ba6 Qc7 26. Rxd7 Qxc2 27. Qxd2 Qxb3 28. Bxc8 Rxc8 29. g3 Rc2 30. Qe1 Qf3 31. Rd8+ Kh7 32. Ra8 Rxb2 33. Ra2 Rxa2 1/2-1/2

[Event "18th Charleroi Open-A 2019"]
[Site "Charleroi"]
[Date "2019.07.29"]
[Round "4.14"]
[White "Iolis, Oleg"]
[Black "Vanden Bussche, Steven"]
[Result "0-1"]
[ECO "B12"]
[WhiteElo "2178"]
[BlackElo "2061"]
[Annotator "NA"]
[PlyCount "75"]
[EventDate "2019.07.22"]
[EventType "swiss"]
[EventCountry "BEL"]
[SourceTitle "playchess.com"]
[Source "ChessBase"]
[SourceQuality "1"]
[TimeControl "40/5400+30:1800+30"]

1. e4 c6 2. d4 d5 3. e5 Bf5 4. Bd3 Bxd3 5. Qxd3 e6 6. Ne2 c5 7. c3 Nc6 8. O-O cxd4 9. cxd4 Nge7 10. Nd2 Nc8 11. Qg3 Nb6 12. Nf3 a5 13. Nf4 g6 14. h4 h5 15. Nh3 a4 16. Nhg5 Qd7 17. Qf4 Bg7 18. Be3 Nc4 19. b3 Nb2 20. Bd2 a3 21. Qe3 O-O 22. Bc3 b5 23. Rfb1 b4 24. Bxb2 axb2 25. Rxb2 Ra6 26. Rc1 Rfa8 27. Rbc2 R8a7 28. Qf4 Bh6 29. g4 hxg4 30. Qxg4 Ne7 31. h5 Rxa2 32. hxg6 Nxg6 33. Nh4 Rxc2 34. Rxc2 Bxg5 35. Qxg5 Qe7 36. Qh6 Ra1+ 37. Kg2 Nxh4+ 38. Kh3 0-1

[Event "18th Charleroi Open-A 2019"]
[Site "Charleroi"]
[Date "2019.07.29"]
[Round "4.17"]
[White "Dauw, Sterre"]
[Black "Godde, Matthias"]
[Result "1-0"]
[ECO "E73"]
[WhiteElo "2148"]
[BlackElo "1989"]
[Annotator "ChessBase"]
[PlyCount "107"]
[EventDate "2019.07.22"]
[EventType "swiss"]
[EventCountry "BEL"]
[SourceTitle "playchess.com"]
[Source "ChessBase"]
[SourceQuality "1"]
[TimeControl "40/5400+30:1800+30"]

1. d4 Nf6 2. c4 g6 3. Nc3 Bg7 4. e4 d6 5. Be2 O-O 6. Bg5 h6 7. Be3 e5 8. d5 a5 9. h4 Kh7 10. h5 g5 11. g4 c5 12. f3 Na6 13. Bd3 Ne8 14. Bc2 Nec7 15. Ba4 Rb8 16. Qb3 Bf6 17. Nge2 b6 18. Bc6 Nb4 19. O-O-O Bd7 20. Qa4 b5 21. cxb5 Na8 22. Bxa8 Rxa8 23. a3 Qb8 24. Kd2 Na6 25. Qc4 Nc7 26. a4 Ra7 27. Nb1 Rb7 28. Nec3 Rc8 29. Na3 Na8 30. b3 Bd8 31. Qd3 Be8 32. Nc4 Ra7 33. Nb1 Nb6 34. Nba3 Nxc4+ 35. Nxc4 Kg7 36. Ke2 Bb6 37. Bd2 f6 38. Kf2 Qc7 39. Kg3 Rca8 40. Ra1 Bd7 41. Be3 Be8 42. Rhc1 Qd8 43. Qd2 Bc7 44. Ra2 Bb6 45. Rac2 Rc8 46. Qf2 Kf7 47. Kh3 Kg7 48. Rf1 Kh7 49. f4 gxf4 50. Bxf4 exf4 51. Qxf4 Rg7 52. Nxb6 Qxb6 53. Qf5+ Kh8 54. Qxc8 1-0

[Event "18th Charleroi Open-A 2019"]
[Site "Charleroi"]
[Date "2019.07.29"]
[Round "4.18"]
[White "Uhoda, Philippe"]
[Black "Werner, Ivan"]
[Result "1/2-1/2"]
[ECO "A37"]
[WhiteElo "2062"]
[BlackElo "2129"]
[Annotator "NA"]
[PlyCount "68"]
[EventDate "2019.07.22"]
[EventType "swiss"]
[EventCountry "BEL"]
[SourceTitle "playchess.com"]
[Source "ChessBase"]
[SourceQuality "1"]
[TimeControl "40/5400+30:1800+30"]

1. c4 g6 2. g3 c5 3. Bg2 Bg7 4. Nc3 Nc6 5. Nf3 e6 6. O-O Nge7 7. d3 O-O 8. Rb1 d5 9. cxd5 exd5 10. Bg5 h6 11. Bd2 Be6 12. a3 b6 13. b4 cxb4 14. axb4 a5 15. bxa5 bxa5 16. Na4 Qd6 17. Be3 Rfb8 18. Bc5 Qd8 19. d4 Nb4 20. Qd2 Nec6 21. Rb2 Bf5 22. Rc1 Qe8 23. Ra1 Be4 24. Nh4 Bxg2 25. Nxg2 Na6 26. Rxb8 Rxb8 27. e3 Nxc5 28. Nxc5 Rb5 29. Qc3 Bf8 30. Nd3 a4 31. Rxa4 Rb1+ 32. Nge1 Ne5 33. Ra1 Nf3+ 34. Kf1 Nxh2+ 1/2-1/2

[Event "18th Charleroi Open-A 2019"]
[Site "Charleroi"]
[Date "2019.07.29"]
[Round "4.19"]
[White "Roger, Mehdi"]
[Black "Verbist, Julien"]
[Result "1/2-1/2"]
[ECO "B01"]
[WhiteElo "2125"]
[BlackElo "1974"]
[Annotator "NA"]
[PlyCount "62"]
[EventDate "2019.07.22"]
[EventType "swiss"]
[EventCountry "BEL"]
[SourceTitle "playchess.com"]
[Source "ChessBase"]
[SourceQuality "1"]
[TimeControl "40/5400+30:1800+30"]

1. e4 d5 2. exd5 Qxd5 3. Nc3 Qa5 4. d4 c6 5. Nf3 Nf6 6. Bd2 Bf5 7. Bc4 e6 8. Nd5 Qd8 9. Nxf6+ gxf6 10. c3 a5 11. a4 Nd7 12. Qe2 Nb6 13. Bb3 Nd5 14. Nh4 Bg6 15. O-O Bd6 16. g3 Be7 17. c4 Qb6 18. Qf3 Nb4 19. Bxb4 Qxb4 20. d5 c5 21. dxe6 fxe6 22. Nxg6 hxg6 23. Rad1 Rb8 24. Rd3 Kf7 25. Rfd1 Rhd8 26. Rd7 Ke8 27. Rxd8+ Rxd8 28. Rxd8+ Bxd8 29. h4 Be7 30. Kg2 f5 31. Qc3 Qxc3 1/2-1/2

[Event "18th Charleroi Open-A 2019"]
[Site "Charleroi"]
[Date "2019.07.29"]
[Round "4.21"]
[White "Moreels, Yves"]
[Black "Roels, Frederik"]
[Result "0-1"]
[ECO "A18"]
[WhiteElo "2079"]
[BlackElo "1944"]
[Annotator "NA"]
[PlyCount "78"]
[EventDate "2019.07.22"]
[EventType "swiss"]
[EventCountry "BEL"]
[SourceTitle "playchess.com"]
[Source "ChessBase"]
[SourceQuality "1"]
[TimeControl "40/5400+30:1800+30"]

1. c4 Nf6 2. Nc3 e6 3. e4 d6 4. d4 Nbd7 5. Nf3 e5 6. Be2 Be7 7. O-O O-O 8. h3 c6 9. Be3 Re8 10. Qc2 Qc7 11. Rad1 b6 12. Nh2 Bb7 13. f4 Nf8 14. f5 N6d7 15. g4 exd4 16. Rxd4 d5 17. Bf4 Qc8 18. Rdd1 d4 19. Nb1 Bc5 20. Kg2 b5 21. Nd2 Bb4 22. Ndf3 c5 23. Bd3 bxc4 24. Bxc4 Rxe4 25. Bxf7+ Kh8 26. Bg3 Ne5 27. Bxe5 Rxe5 28. Kg1 Re3 29. Qg2 c4 30. Qf2 Re7 31. Be6 Nxe6 32. fxe6 Qc6 33. Kg2 d3 34. Qd4 Qxe6 35. Rf2 Rd7 36. Qf4 Bc5 37. Rff1 Qe2+ 38. Kh1 Bd6 39. Qd2 Bxh2 0-1

[Event "18th Charleroi Open-A 2019"]
[Site "Charleroi"]
[Date "2019.07.29"]
[Round "4.23"]
[White "Sclacmender, Julien"]
[Black "Damlakhi, Mahmoud"]
[Result "1-0"]
[ECO "C45"]
[WhiteElo "2269"]
[BlackElo "2008"]
[Annotator "NA"]
[PlyCount "59"]
[EventDate "2019.07.22"]
[EventType "swiss"]
[EventCountry "BEL"]
[SourceTitle "playchess.com"]
[Source "ChessBase"]
[SourceQuality "1"]
[TimeControl "40/5400+30:1800+30"]

1. e4 e5 2. Nf3 Nc6 3. d4 exd4 4. Nxd4 Nf6 5. Nxc6 bxc6 6. e5 Qe7 7. Qe2 Nd5 8. c4 Ba6 9. Nd2 g6 10. Nf3 Qb4+ 11. Kd1 Qa4+ 12. Qc2 Qxc2+ 13. Kxc2 Nb6 14. b3 Bc5 15. Bg5 Bxf2 16. Bf6 Rg8 17. Bd3 Bc5 18. Rae1 h6 19. Re2 Bb7 20. h4 a5 21. a4 h5 22. Ng5 Nc8 23. Ne4 Be7 24. c5 Ba6 25. Bxa6 Rxa6 26. Rd1 Ra8 27. Red2 Bd8 28. Bxd8 Kxd8 29. Nf6 Rh8 30. Rxd7# 1-0

[Event "18th Charleroi Open-A 2019"]
[Site "Charleroi"]
[Date "2019.07.29"]
[Round "4.24"]
[White "Duhayon, Yves"]
[Black "Partoens, Remi"]
[Result "1-0"]
[ECO "A56"]
[WhiteElo "2132"]
[BlackElo "1957"]
[Annotator "ChessBase"]
[PlyCount "121"]
[EventDate "2019.07.22"]
[EventType "swiss"]
[EventCountry "BEL"]
[SourceTitle "playchess.com"]
[Source "ChessBase"]
[SourceQuality "1"]
[TimeControl "40/5400+30:1800+30"]

1. d4 Nf6 2. c4 c5 3. d5 e5 4. Nc3 d6 5. e4 Be7 6. g3 O-O 7. Bg2 Ne8 8. Nge2 Na6 9. O-O Nec7 10. f4 Bf6 11. Be3 Bd7 12. Rf2 b5 13. cxb5 Nxb5 14. Nxb5 Bxb5 15. Nc3 Bd7 16. Bf1 Nc7 17. Qd2 Rb8 18. f5 g5 19. g4 h6 20. b3 Nb5 21. Ne2 Nd4 22. Ng3 Bg7 23. Nh5 f6 24. Bc4 Be8 25. Ng3 a5 26. Bxd4 exd4 27. a4 Rf7 28. Nf1 Bf8 29. Qd3 Rh7 30. Nd2 h5 31. h3 hxg4 32. hxg4 Rbb7 33. Nf3 Rh3 34. Raa2 Rbh7 35. Rh2 Qe7 36. Rag2 Rxh2 37. Rxh2 Rxh2 38. Kxh2 Kg7 39. Kg2 Kg8 40. Nd2 Qc7 41. Bb5 Bf7 42. Nc4 Be7 43. Nd2 Bd8 44. Bc6 Kg7 45. Nf3 Qe7 46. Kf2 Qc7 47. Ke2 Qe7 48. Qc2 Qc7 49. Kd3 Qe7 50. Qc4 Qf8 51. Qc2 Qe7 52. Qh2 Qc7 53. Nd2 Qe7 54. Nc4 Qa7 55. Qxd6 Bc7 56. Qd7 Qb8 57. Bb5 Kg8 58. d6 Bd8 59. e5 fxe5 60. Nxe5 Bxb3 61. Nc6 1-0

[Event "18th Charleroi Open-A 2019"]
[Site "Charleroi"]
[Date "2019.07.29"]
[Round "4.26"]
[White "Van Uytven, Eric"]
[Black "Lui, Eric"]
[Result "1-0"]
[ECO "E18"]
[WhiteElo "2071"]
[BlackElo "1884"]
[Annotator "NA"]
[PlyCount "61"]
[EventDate "2019.07.22"]
[EventType "swiss"]
[EventCountry "BEL"]
[SourceTitle "playchess.com"]
[Source "ChessBase"]
[SourceQuality "1"]
[TimeControl "40/5400+30:1800+30"]

1. d4 Nf6 2. Nf3 b6 3. g3 Bb7 4. Bg2 e6 5. O-O Be7 6. c4 d5 7. Ne5 O-O 8. Nc3 Ne4 9. cxd5 Nxc3 10. bxc3 exd5 11. Qa4 Re8 12. Bf4 f6 13. Nd3 Bc6 14. Qb3 Kh8 15. Nb4 Bxb4 16. cxb4 g5 17. Be3 Nd7 18. Rfc1 Nb8 19. Rc2 Qd7 20. b5 Bxb5 21. Qxd5 Qxd5 22. Bxd5 c6 23. Bf3 Ba4 24. Rc4 b5 25. Rc5 Na6 26. Rxc6 Nb4 27. Rxf6 Rac8 28. Bxg5 Nc2 29. Rd1 Ne3 30. Rb1 Nc4 31. Rf7 1-0

[Event "18th Charleroi Open-A 2019"]
[Site "Charleroi"]
[Date "2019.07.29"]
[Round "4.27"]
[White "De Weird, Matthias"]
[Black "Dugailliez, Guy"]
[Result "1/2-1/2"]
[ECO "B02"]
[WhiteElo "2009"]
[BlackElo "2063"]
[Annotator "NA"]
[PlyCount "47"]
[EventDate "2019.07.22"]
[EventType "swiss"]
[EventCountry "BEL"]
[SourceTitle "playchess.com"]
[Source "ChessBase"]
[SourceQuality "1"]
[TimeControl "40/5400+30:1800+30"]

1. e4 Nf6 2. e5 Nd5 3. Nc3 Nxc3 4. bxc3 Nc6 5. d4 g6 6. f4 Bg7 7. d5 Na5 8. Qg4 d6 9. e6 Bxc3+ 10. Bd2 Bxa1 11. Bxa5 a6 12. Nf3 Bf6 13. f5 h5 14. exf7+ Kxf7 15. Qxg6+ Kf8 16. Ng5 Bxg5 17. Qxg5 Qe8 18. Bc3 Rh7 19. Bd3 h4 20. O-O Qh5 21. Qg6 Qh6 22. f6 Qxg6 23. Bxg6 Rf7 24. fxe7+ 1/2-1/2

[Event "18th Charleroi Open-A 2019"]
[Site "Charleroi"]
[Date "2019.07.29"]
[Round "4.28"]
[White "Van Doren, Bas"]
[Black "Fischer, Julie"]
[Result "1-0"]
[ECO "B15"]
[WhiteElo "1976"]
[BlackElo "2050"]
[Annotator "NA"]
[PlyCount "75"]
[EventDate "2019.07.22"]
[EventType "swiss"]
[EventCountry "BEL"]
[SourceTitle "playchess.com"]
[Source "ChessBase"]
[SourceQuality "1"]
[TimeControl "40/5400+30:1800+30"]

1. e4 g6 2. d4 Bg7 3. Nc3 c6 4. f4 d5 5. e5 Nh6 6. Bd3 Bg4 7. Nce2 e6 8. Be3 Bf5 9. h3 Be4 10. Bxe4 dxe4 11. g4 f5 12. exf6 Bxf6 13. Nc3 Bh4+ 14. Ke2 Qb6 15. Nxe4 Qxb2 16. Rb1 Qxa2 17. Nd6+ Ke7 18. Nxb7 Nd7 19. Nf3 Rab8 20. Qd3 Nb6 21. Nc5 Bf6 22. Ra1 Qd5 23. g5 Nf5 24. gxf6+ Kxf6 25. Rhg1 Ra8 26. Ne5 Rhd8 27. c3 a5 28. Kf2 Nd6 29. Rg5 Nf5 30. c4 Qxc5 31. dxc5 Rxd3 32. Nxd3 Nxc4 33. Bc1 Rd8 34. Ne5 Nd2 35. Bxd2 Rxd2+ 36. Ke1 Rh2 37. Rxa5 Nd4 38. Ng4+ 1-0

[Event "18th Charleroi Open-A 2019"]
[Site "Charleroi"]
[Date "2019.07.29"]
[Round "4.29"]
[White "Moerman, Thomas"]
[Black "Miulescu, Gabriel"]
[Result "0-1"]
[ECO "D85"]
[WhiteElo "1931"]
[BlackElo "2020"]
[Annotator "NA"]
[PlyCount "94"]
[EventDate "2019.07.22"]
[EventType "swiss"]
[EventCountry "BEL"]
[SourceTitle "playchess.com"]
[Source "ChessBase"]
[SourceQuality "1"]
[TimeControl "40/5400+30:1800+30"]

1. d4 Nf6 2. c4 g6 3. Nc3 d5 4. cxd5 Nxd5 5. e4 Nxc3 6. bxc3 Bg7 7. Be3 O-O 8. Qd2 c5 9. Nf3 Qa5 10. Rc1 Bg4 11. Be2 Nc6 12. d5 Rad8 13. O-O Bxf3 14. Bxf3 Ne5 15. Be2 Qc7 16. f4 Nd7 17. c4 b6 18. h4 h5 19. e5 f5 20. Qe1 Bh6 21. Qg3 Kh7 22. Rcd1 Nb8 23. Bc1 Rg8 24. Rf3 Qd7 25. Rfd3 Qa4 26. Ra3 Qd7 27. Bb2 a5 28. Rb3 Qa7 29. e6 Na6 30. Bxh5 gxh5 31. Qf3 Rg4 32. d6 exd6 33. Qd3 Kg6 34. Qc3 Bg7 35. Qxg7+ Qxg7 36. Bxg7 Kxg7 37. Rxb6 Nb4 38. Re1 Rxf4 39. Rb7+ Kg8 40. Rd7 Re8 41. Re3 Rxc4 42. a3 Nd5 43. Rb3 Nf6 44. Rf7 Rxe6 45. Rbb7 Rg4 46. Rfc7 Ne8 47. Rf7 Rg7 0-1